 Dungeon Crawl Stone Soup version 0.28-a0-1389-gc726bef33b (webtiles) character file.

Game seed: 1229311114090303019

72 flotson the Ducker (level 4, -1/34 HPs)
             Began as a Demonspawn Gladiator on Jan 3, 2022.
             Succumbed to an adder's poison
             ... on level 2 of the Dungeon.
             The game lasted 00:01:19 (1494 turns).

flotson the Ducker (Demonspawn Gladiator)           Turns: 1494, Time: 00:01:20

Health: -1/34      AC:  4    Str: 16    XL:     4   Next: 6%
Magic:  4/4        EV: 12    Int: 10    God:
Gold:   75         SH:  0    Dex: 14    Spells: 3/3 levels left

rFire   . . .      SeeInvis .   a - +0 flail
rCold   . . .      Faith    .   (no shield)
rNeg    . . .      Spirit   .   b - +0 leather armour
rPois   .          Reflect  .   c - +0 helmet
rElec   .          Harm     .   (no cloak)
rCorr   .          Rampage  .   (no gloves)
Will    .....                   (no boots)
Stlth   +.........              (no amulet)
HPRegen 0.11/turn               (no ring)
MPRegen 0.18/turn               (no ring)

@: lethally poisoned (-1 -> -7)
A: powered by death 1, magic regeneration
a: no special abilities


You were on level 2 of the Dungeon.
You visited 1 branch of the dungeon, and saw 2 of its levels.

You collected 75 gold pieces.

Inventory:

Hand Weapons
 a - a +0 flail (weapon)
Missiles
 d - 3 throwing nets (quivered)
Armour
 b - a +0 leather armour (worn)
 c - a +0 helmet (worn)
Scrolls
 f - a scroll of magic mapping {unknown}
 i - a scroll of summoning {unknown}
Potions
 e - a potion of brilliance {unknown}
 g - a potion of might {unknown}
 h - 2 potions of berserk rage {unknown}
 j - a potion of flight {unknown}


   Skills:
 + Level 2.5 Fighting
 + Level 3.1 Maces & Flails
 + Level 2.3 Throwing
 + Level 1.2 Armour
 + Level 3.1 Dodging


You had 3 spell levels left.
You didn't know any spells.
Your spell library was empty.

Dungeon Overview and Level Annotations

Branches:
Dungeon (2/15)

Altars:


Innate Abilities, Weirdness & Mutations

You regenerate a little health from kills.
You regenerate magic rapidly.


Message History

The adder bites you but does no damage.
You barely miss the adder. The adder completely misses you.
You hit the adder.
The adder is lightly wounded.
The adder closely misses you. The adder bites you.
You are poisoned.
The adder poisons you!
You barely miss the adder.
You feel very sick. The adder bites you but does no damage.
The adder barely misses you.
You closely miss the adder.
You feel sick. The adder bites you.
You sock the adder!
The adder is severely wounded.
You feel sick. The adder bites you. The adder misses you.
You barely miss the adder.
The adder is severely wounded.
You feel sick. The adder closely misses you.
You miss the adder.
The adder is severely wounded.
You feel sick.
You are no longer poisoned.
The adder bites you. x2
You are too injured to fight recklessly!
You are too injured to fight recklessly!
You are too injured to fight recklessly!
You are too injured to fight recklessly!
You are too injured to fight recklessly!
You are too injured to fight recklessly!
You miss the adder.
The adder is severely wounded.
The adder completely misses you.
You barely miss the adder.
The adder is severely wounded.
The adder completely misses you. The adder bites you.
You are poisoned.
The adder poisons you! The worm bites you!
* * * LOW HITPOINT WARNING * * *
You sock the adder!
You kill the adder!
You die...

### ##.########
#####..........
8######.....†..>####
w.....'.#.####''####
......#)w.#........#
8#### #@###.##..##.#
#####.#8..8#.#
######.'........ #
#....#.'...(....+ #
#...#.#8..8#.# ####
#####..#.##..##.# #
####..#
##...).##....... #
####.....###..#########
+### ..#..........##


You could see a worm.

Vanquished Creatures
  A gnoll (D:1)
  3 adders (D:2)
  A worm (D:2)
  A dart slug (D:1)
  An orc (D:2)
  2 ball pythons
  3 endoplasms (D:1)
  3 giant cockroaches
  5 goblins
  2 hobgoblins
  2 jackals (D:1)
  2 quokkas (D:1)
  4 bats
  3 frilled lizards
  3 kobolds
  A rat (D:1)
37 creatures vanquished.

Notes
Turn   | Place    | Note
-------+----------+-------------------------------------------
     0 | D:1      | flotson the Demonspawn Gladiator began the quest for the
                  | Orb.
     0 | D:1      | Reached XP level 1. HP: 16/16 MP: 1/1
   225 | D:1      | Gained mutation: You regenerate a little health from kills.
                  | [demonic ancestry]
   225 | D:1      | Reached XP level 2. HP: 22/22 MP: 2/2
   448 | D:1      | Reached XP level 3. HP: 21/28 MP: 3/3
   561 | D:1      | Found a faded altar of an unknown god.
   918 | D:2      | Reached skill level 1 in Armour
  1469 | D:2      | Gained mutation: You regenerate magic rapidly. [demonic
                  | ancestry]
  1469 | D:2      | Reached XP level 4. HP: 34/34 MP: 4/4
  1493 | D:2      | HP: 1/34 [worm (10)]
  1494 | D:2      | Succumbed to an adder's poison

Illustrated notes

Levels and vault maps discovered:
D:1:      denvon_arrival_waterhouse, layout_loops_cross,
          dreamdust_ecumenical_altar_grove
D:2:      minmay_chambers_of_twos, layout_rooms, kennysheep_generic_room_5

Skill      XL: |  1  2  3 |
---------------+----------+-----
Throwing       | 2 |  2.3
Dodging        | 3 |  3.1
Maces & Flails | 3 |  3.1
Armour         | 1 |  1.2
Fighting       | |  2.5

Action                   |  1- 3 |  4- 6 || total
-------------------------+-------+-------++-------
Melee: Flail             |   103 |    15 ||   118
 Stab: Sleeping          |     2 |       ||     2
Armor: Leather armour    |    37 |     2 ||    39
Dodge: Dodged            |    83 |    10 ||    93

Table legend: (Time is in decaauts)
 A = Elapsed time spent in this place.
 B = Non-inter-level travel time spent in this place.
 C = Inter-level travel time spent in this place.
 D = Time resting spent in this place.
 E = Time spent auto-exploring this place.
 F = Levels seen in this place.
 G = Mean time per level.
                   A        B        C        D        E       F      G
               +--------+--------+--------+--------+--------+-----+--------+
         Total |   1523 |   1501 |     22 |      0 |   1252 |   2 |  761.5 |
       Dungeon |   1523 |   1501 |     22 |      0 |   1252 |   2 |  761.5 |
               +--------+--------+--------+--------+--------+-----+--------+

Top non-repeatable levels by time:
     D:1: 924 daAuts
     D:2: 599 daAuts
